 Dungeon Crawl Stone Soup version 0.30-b1-2-g02819fbbbe (webtiles) character file.

Game seed: 5061830884879466595

69 Alarkh the Grave Robber (level 4, 30/30 HPs)
             Began as a Demonspawn Necromancer on July 7, 2023.
             Got out of the dungeon alive.
             The game lasted 00:02:22 (2059 turns).

Alarkh the Grave Robber (Demonspawn Necromancer)    Turns: 2059, Time: 00:02:22

Health: 30/30      AC:  4    Str:  8    XL:     4   Next: 2%
Magic:  8/8        EV: 12    Int: 19    God:
Gold:   104        SH:  0    Dex: 13    Spells: 4/8 levels left

rFire   . . .        n - +0 dagger (drain)
rCold   . . .        (no shield)
rNeg    . . .        a - +0 robe
rPois   .            (no helmet)
rElec   .            (no cloak)
rCorr   .            (no gloves)
SInv    .            (no boots)
Will    .....        (no amulet)
Stlth   ++           (no ring)
HPRegen 0.25/turn    (no ring)
MPRegen 0.11/turn

%: no passive effects
@: no status effects
A: yellow scales 1, demonic guardian 1
a: no special abilities


You escaped.
You visited 1 branch of the dungeon, and saw 2 of its levels.

You collected 104 gold pieces.

Inventory:

Hand Weapons
 k - a +0 dagger
 m - a +0 spectral quarterstaff
 n - a +0 dagger of draining (weapon)
Armour
 a - a +0 robe (worn)
Wands
 d - a wand of polymorph (10)
Scrolls
 c - a scroll of enchant armour
 h - a scroll of brand weapon {unknown}
 i - a scroll of blinking {unknown}
 l - a scroll of silence {unknown}
 o - a scroll of fog {unknown}
 p - a scroll of vulnerability {unknown}
Potions
 b - a potion of magic
 e - a potion of attraction
 f - a potion of curing
 g - a potion of berserk rage
 j - a potion of heal wounds


   Skills:
 - Level 1.7 Dodging
 - Level 1.7 Stealth
 + Level 2.7 Spellcasting
 * Level 5.6 Necromancy


You had 4 spell levels left.
You knew the following spells:

 Your Spells              Type           Power      Damage    Failure   Level
a - Necrotise             Necr           96%        1d8       1%          1
e - Vampiric Draining     Necr           24%        2d7       4%          3

Your spell library contained the following spells:

 Spells                   Type           Power      Damage    Failure   Level
 Animate Dead             Necr           24%        N/A       16%         4
 Agony                    Necr           24%        N/A       38%         5


Dungeon Overview and Level Annotations

Branches:
Dungeon (2/15)

Altars:

Annotations:
D:2 1 runed translucent door, Crazy Yiuf


Innate Abilities, Weirdness & Mutations

You are partially covered in yellow scales. (AC +2)
A weak demonic guardian rushes to your aid.


Message History

Confirm with . or Enter, or press ? or * to list all spells.
Aiming: Necrotise (safe; 1% risk of failure)
Press: ? - help, Shift-Dir - straight line, f - jackal
Aim: a jackal (ally target, chance to affect: 91%)
The jackal writhes in agony!
You kill the jackal!
Your jackal skeleton barely misses the ball python.
The ball python barely misses your jackal skeleton. x2
Your jackal skeleton barely misses the ball python.
Your jackal skeleton closely misses the ball python.
You have reached level 4!
You feel clever.
Your demonic ancestry asserts itself...
Yellow scales grow over part of your body.
You swap places.
The ball python bites you but does no damage.
The ball python grabs you. The ball python constricts you.
Your jackal skeleton closely misses the ball python.
Your jackal skeleton barely misses the ball python.
You barely miss the ball python. The ball python barely misses you.
The ball python constricts you.
Your jackal skeleton bites the ball python.
Your jackal skeleton closely misses the ball python.
The ball python bites you but does no damage.
The ball python constricts you.
You barely miss the ball python.
The ball python is moderately wounded.
Your jackal skeleton bites the ball python. x2
The ball python dies!
No target in view!
No target in view!
There is a stone staircase leading up here.
You climb upwards.
Your mindless puppets stay behind to rot.
There is a stone staircase leading down here.
There is an open door here.
There is an open door here.
Magic restored.
There is a staircase leading out of the dungeon here.
Are you sure you want to leave the Dungeon?
This will make you lose the game!
You have escaped!

##...## ##8## #...# ##'## #.#
#.#.# #.# ###.### #...# #.#
###.....### ##.##
###.###.........# ##########
#....##.........###8##8##8##
#....#.8............(.......
#..###......................
#..8.......@................
######.)###......................
.........##.8....................
######....##.........###8##8##8##
###.###.........# ##########
#....###.....### ###
#..#######.### ##.## #..# #.##.#
##...# #..####.##8##### ##.....


There were no monsters in sight!

Vanquished Creatures
  2 adders (D:2)
  A worm (D:2)
  4 bats (D:1)
  4 endoplasms (D:2)
  2 giant cockroaches (D:1)
  7 goblins
  4 hobgoblins (D:1)
  4 jackals (D:2)
  A quokka (D:1)
  2 ball pythons
  3 frilled lizards (D:1)
  A kobold (D:1)
  8 rats
43 creatures vanquished.

Vanquished Creatures (collateral kills)
  A goblin (D:1)
  A ball python (D:2)
2 creatures vanquished.

Vanquished Creatures (others)
  A fungus (D:2)
1 creature vanquished.

Grand Total: 46 creatures vanquished

Notes
Turn   | Place    | Note
-------+----------+-------------------------------------------
     0 | D:1      | Alarkh the Demonspawn Necromancer began the quest for the
                  | Orb.
     0 | D:1      | Reached XP level 1. HP: 13/13 MP: 3/3
   373 | D:1      | Gained mutation: A weak demonic guardian rushes to your
                  | aid. [demonic ancestry]
   373 | D:1      | Reached XP level 2. HP: 19/19 MP: 0/5
   675 | D:1      | Reached skill level 5 in Necromancy
  1217 | D:2      | Reached XP level 3. HP: 14/24 MP: 6/6
  1264 | D:2      | Found a runed translucent door.
  1265 | D:2      | Noticed Crazy Yiuf
  1509 | D:2      | Found a faded altar of an unknown god.
  1749 | D:2      | Learned a level 3 spell: Vampiric Draining
  1991 | D:2      | Gained mutation: You are partially covered in yellow
                  | scales. (AC +2) [demonic ancestry]
  1991 | D:2      | Reached XP level 4. HP: 28/30 MP: 0/8
  2059 | D:$      | Got out of the dungeon alive.

Illustrated notes

Levels and vault maps discovered:
D:1:      psy_arrival_heroes, layout_loops_corners
D:2:      layout_basic, shapermc_ecumenical_altar_notcrosses, hex_large,
          columned_hall_lemuel, minmay_misc_feat_pillars, grunt_ministairs_3,
          minmay_door_square, minmay_misc_feat_plants, uniq_terence,
          uniq_crazy_yiuf_cottage

Skill      XL: |  1  2 |
---------------+-------+-----
Necromancy     | 5 |  5.6
Dodging        | |  1.7
Stealth        | |  1.7
Spellcasting   | |  2.7

Action                     |  1- 3 |  4- 6 || total
---------------------------+-------+-------++-------
  Melee: Unarmed           |    14 |       ||    14
         Dagger            |    10 |     2 ||    12
         Quarterstaff      |     5 |       ||     5
   Cast: Necrotise         |    77 |       ||    77
    Use: Scroll            |     5 |       ||     5
         Potion            |     1 |       ||     1
 Armour: Robe              |     8 |     2 ||    10
  Dodge: Dodged            |    51 |     1 ||    52
